 Dungeon Crawl Stone Soup version 0.29.1-12-g30fa7ad0bf (webtiles) character file.

Game seed: 7409020595546246098

3840 xzight the Grappler (level 9, -3/81 (89) HPs)
             Began as a Troll Fighter on Dec 27, 2022.
             Was a Follower of Okawaru.
             Slain by a hell rat (16 damage)
             ... on level 7 of the Dungeon.
             The game lasted 00:18:31 (7498 turns).

xzight the Grappler (Troll Fighter)                 Turns: 7498, Time: 00:18:32

HP:   -3/81 (89)    AC:  4    Str: 30    XL:     9   Next: 98%
MP:   8/8           EV:  8    Int:  4    God:    Okawaru [*.....]
Gold: 358           SH:  8    Dex:  9    Spells: 8/8 levels left

rFire   + . .      SeeInvis .     - Unarmed
rCold   . . .      Faith    .   b - +0 kite shield
rNeg    . . .      Spirit   .   a - +0 robe
rPois   .          Reflect  .   (helmet restricted)
rElec   .          Harm     .   (no cloak)
rCorr   .          Rampage  .   (gloves unavailable)
Will    .....                   (boots unavailable)
Stlth   +.........              (no amulet)
HPRegen 1.03/turn               F - ring of protection from fire
MPRegen 0.11/turn               (no ring)

@: lethally poisoned (-3 -> -10), about to teleport, drained
A: large, unfitting armour, claws 3, regeneration 1, shaggy fur 1, tough skin 1
a: Renounce Religion, Heroism


You were on level 7 of the Dungeon.
You worshipped Okawaru.
Okawaru was aware of your devotion.
You visited 2 branches of the dungeon, and saw 9 of its levels.

You collected 410 gold pieces.
You spent 52 gold pieces at shops.


Innate Abilities, Weirdness & Mutations

You are too large for most types of armour.
You have claws for hands.
Your natural rate of healing is unusually fast.
You are covered in fur. (AC +1)
You have tough skin. (AC +1)


   Skills:
 + Level 6.2 Fighting
 - Level 6.6 Throwing
 - Level 2.4 Dodging
 + Level 6.5 Shields
 + Level 8.2 Unarmed Combat


You had 8 spell levels left.
You didn't know any spells.
Your spell library contained the following spells:

 Spells                   Type           Power      Damage    Failure   Level
 Apportation              Tloc           0%         N/A       77%         1
 Necrotise                Necr           0%         1d4       77%         1
 Slow                     Hex            0%         N/A       77%         1
 Confusing Touch          Hex            0%         N/A       98%         3
 Vampiric Draining        Necr           0%         2d6       98%         3
 Summon Small Mammal      Summ           Unusable   N/A       N/A         1

Inventory:

Missiles
 g - a throwing net {=f}
Armour
 a - a +0 robe (worn)
 b - a +0 kite shield (worn)
Jewellery
 F - a ring of protection from fire (left claw)
Wands
 v - a wand of paralysis (19)
Scrolls
 d - 3 scrolls of fear
 h - 2 scrolls of vulnerability
 i - a scroll of amnesia {unknown}
 j - 2 scrolls of enchant armour
 k - a scroll of blinking {unknown}
 n - a scroll of immolation {unknown}
 p - a scroll of identify {@r1}
 r - a scroll of brand weapon {unknown}
 s - a scroll of noise {unknown}
 w - a scroll of summoning {unknown}
Potions
 c - 2 potions of might
 e - 7 potions of curing {@q1}
 f - a potion of heal wounds {@q2}
 l - 3 potions of lignification
 m - a potion of resistance {unknown}
 o - 3 potions of attraction
 q - a potion of haste {unknown}
 u - a potion of berserk rage {unknown}

Dungeon Overview and Level Annotations

Branches:
Dungeon (8/15)             Temple (1/1) D:4
   Lair: D:8-11

Altars:
Ashenzari
Cheibriados
Dithmenos
Elyvilon
Fedhas
Gozag
Hepliaklqana
Kikubaaqudgha
Makhleb
Nemelex Xobeh
Okawaru
Qazlal
Ru
Sif Muna
Trog
Uskayaw
Wu Jian
Xom
Yredelemnul
Zin
The Shining One

Shops:
D:1 ?   D:2 ?   D:3 *

Annotations:
D:3 1 transporter

##...## ##...## ##...#
#...## ## ##...###### .#
#...##...# ## ##...#.[.#
#...#S..# ### ####...#.@r#
####.###.##.....r.#########
..........................#
##...#####................#
.##### #....[≈≈≈≈≈≈≈≈≈..#
....######.....≈.......≈..#
▒▒▒............≈.≈≈≈≈≈.≈..#
....######.##..≈.≈..⚑≈.≈.##
.####### #.##..≈.≈.≈≈≈.≈.#


You could see a water moccasin, a hell rat and a river rat.


Message History

* * * LOW HITPOINT WARNING * * *
The hell rat barely misses you. You block the water moccasin's attack.
You claw the water moccasin!
The water moccasin is almost dead.
You feel sick. The river rat barely misses you.
You block the hell rat's attack.
The water moccasin bites you but does no damage.
You miss the water moccasin.
The water moccasin is almost dead.
You feel sick. You block the water moccasin's attack.
The hell rat barely misses you. You block the river rat's attack.
The water moccasin bites you.
* * * LOW HITPOINT WARNING * * *
You feel much better.
You feel sick. You block the hell rat's attack.
You block the river rat's attack. The water moccasin barely misses you.
The hell rat bites you.
* * * LOW HITPOINT WARNING * * *
As you read the scroll of teleportation {@r2}, it crumbles to dust.
You feel strangely unstable.
You feel sick. You block the water moccasin's attack.
The river rat barely misses you. The hell rat bites you.
* * * LOW HITPOINT WARNING * * *
You completely miss the water moccasin.
The water moccasin is almost dead.
You feel sick. The water moccasin bites you.
* * * LOW HITPOINT WARNING * * *
You are more poisoned.
The water moccasin poisons you! The river rat closely misses you.
The hell rat bites you!
You die...

Skill      XL: |  1  2  3  4  5  6  7  8  9 |
---------------+----------------------------+-----
Shields        | 3 4 6 |  6.5
Unarmed Combat | 3 4 5 6 8 |  8.2
Fighting       | 3 4 6 |  6.2
Throwing       | 2 5 6 |  6.6
Dodging        | |  2.4

Action                   |  1- 3 |  4- 6 |  7- 9 || total
-------------------------+-------+-------+-------++-------
Melee: Unarmed           |    68 |   153 |   253 ||   474
Throw: Javelin           |       |       |    28 ||    28
  Use: Scroll            |     1 |     1 |     9 ||    11
       Potion            |       |       |     5 ||     5
 Stab: Distracted        |     1 |       |       ||     1
Armor: Robe              |    20 |    21 |    60 ||   101
Dodge: Dodged            |    15 |    42 |    69 ||   126
Block: Kite shield       |    13 |    51 |    98 ||   162

Levels and vault maps discovered:
D:1:      doesnt_arrival_eight_statues, layout_basic, serial_shops,
          nicolae_diamond_shop, dreamdust_ecumenical_altar_statues, minivault_27
D:2:      layout_loops_corners, serial_shops, shop
D:3:      layout_rooms, grunt_nemelex_the_gamble, serial_shops, shop,
          nicolae_concentric_dashed_squares_mild, minmay_misc_feat_plants,
          corner_web_ring
D:4:      layout_rooms, temple_fountains, uniq_duvessa
D:5:      layout_basic, uniq_prince_ribbit1
D:6:      layout_basic, kennysheep_mini, mainiacjoe_overflow_catwalk,
          nrook_campfire, columned_hall_lemuel, grunt_ministairs_9,
          nicolae_kite_square_tiling_tiny
D:7:      minmay_general_purpose_star, layout_rooms, okawaru_metal_pillars_3,
          mainiacjoe_overflow_catwalk_spiral, serial_curves, eino_curves_04,
          eino_curves_02, eino_curves_02, eino_curves_01, uniq_menkaure,
          uniq_joseph
D:8:      layout_loops_ring, dpeg_lair_monsters, gammafunk_ghost_split,
          nicolae_grassy_gnolls
Temple:   regret_index_temple_generic_petals

Notes
Turn   | Place    | Note
-------+----------+-------------------------------------------
     0 | D:1      | xzight the Troll Fighter began the quest for the Orb.
     0 | D:1      | Reached XP level 1. HP: 22/22 MP: 0/0
   105 | D:1      | Found a faded altar of an unknown god.
   213 | D:1      | Found Athraexo's Magic Scroll Shoppe.
   308 | D:1      | Reached XP level 2. HP: 29/29 MP: 1/1
   557 | D:1      | Reached skill level 3 in Shields
   940 | D:2      | Reached XP level 3. HP: 36/36 MP: 2/2
  1045 | D:2      | Found Durr's Magic Scroll Shoppe.
  1054 | D:2      | Bought a scroll of identify for 26 gold pieces
  1054 | D:2      | Bought a scroll of identify for 26 gold pieces
  1166 | D:2      | Reached skill level 3 in Unarmed Combat
  1235 | D:2      | Reached XP level 4. HP: 28/44 MP: 3/3
  1425 | D:2      | Reached skill level 3 in Fighting
  1979 | D:3      | Noticed a necrophage
  1983 | D:3      | Killed a necrophage
  1984 | D:3      | Reached skill level 4 in Unarmed Combat
  1984 | D:3      | Reached XP level 5. HP: 43/53 MP: 4/4
  2246 | D:3      | Reached XP level 6. HP: 61/61 MP: 5/5
  2285 | D:3      | Reached skill level 1 in Throwing
  2451 | D:3      | Found Zodwaurr's Assorted Antiques.
  2524 | D:3      | Found a sparkling altar of Nemelex Xobeh.
  2524 | D:3      | Found a transporter.
  2713 | D:4      | Reached skill level 4 in Shields
  2749 | D:4      | Reached skill level 5 in Unarmed Combat
  2803 | D:4      | Noticed Dowan
  2803 | D:4      | Noticed Duvessa
  2942 | D:4      | Killed Duvessa
  2970 | D:4      | Killed Dowan
  2971 | D:4      | Reached skill level 2 in Throwing
  2971 | D:4      | Reached XP level 7. HP: 46/68 MP: 6/6
  3184 | D:4      | Found a staircase to the Ecumenical Temple.
  3198 | D:4      | Reached skill level 4 in Fighting
  3217 | Temple   | Entered the Ecumenical Temple
  3657 | D:5      | Entered Level 5 of the Dungeon
  3667 | D:5      | Reached skill level 3 in Throwing
  3667 | D:5      | Reached skill level 6 in Unarmed Combat
  3837 | D:5      | Reached skill level 4 in Throwing
  3891 | D:5      | Noticed Prince Ribbit
  3902 | D:5      | Killed Prince Ribbit
  3903 | D:5      | Reached skill level 5 in Throwing
  3903 | D:5      | Reached XP level 8. HP: 34/78 MP: 7/7
  4399 | D:5      | Reached skill level 6 in Throwing
  4812 | D:6      | Found a shadowy altar of Dithmenos.
  4926 | D:6      | Reached XP level 9. HP: 85/85 MP: 8/8
  5006 | D:6      | Reached skill level 5 in Shields
  5199 | D:6      | Found a hide-covered altar of Uskayaw.
  5360 | D:6      | Reached skill level 7 in Unarmed Combat
  5587 | D:7      | Found an iron altar of Okawaru.
  5590 | D:7      | Became a worshipper of Warmaster Okawaru
  5647 | D:7      | Reached skill level 5 in Fighting
  5950 | D:7      | Found a burning altar of Makhleb.
  5951 | D:7      | Noticed Joseph
  5999 | D:7      | Killed Joseph
  6057 | D:7      | Noticed Menkaure
  6061 | D:7      | Killed Menkaure
  6082 | D:7      | Found a stormy altar of Qazlal.
  6178 | D:7      | Reached * piety under Okawaru
  6179 | D:7      | Reached skill level 6 in Shields
  6629 | D:8      | Noticed a death yak
  6659 | D:8      | HP: 8/89 [death yak (24)]
  6833 | D:7      | Found an iron altar of Okawaru.
  6877 | D:7      | Killed a death yak
  6878 | D:7      | Reached skill level 6 in Fighting
  6878 | D:7      | Reached skill level 8 in Unarmed Combat
  7166 | D:7      | Found a stormy altar of Qazlal.
  7180 | D:7      | Found a burning altar of Makhleb.
  7493 | D:7      | HP: 8/81 [river rat (5)]
  7495 | D:7      | HP: 1/81 [water moccasin (5)]
  7498 | D:7      | Slain by a hell rat

Vanquished Creatures
  A death yak (D:7)
  Joseph (D:7)
  Prince Ribbit (D:5)
  Menkaure (D:7)
  A water moccasin (D:7)
  Duvessa (D:4)
  An orc warrior (D:7)
  2 ice beasts
  2 black bears
  2 ogres
  A centaur (D:5)
  A phantom (D:6)
  2 bullfrogs (D:7)
  4 necrophages
  5 scorpions
  3 wights (D:5)
  Dowan (D:4)
  A howler monkey (D:5)
  7 orc priests
  2 jellies
  10 orc wizards
  A gnoll (D:1)
  7 adders
  A white imp (D:6)
  4 worms
  3 dart slugs
  38 orcs
  4 ball pythons
  5 bats
  6 endoplasms
  3 giant cockroaches
  4 goblins
  3 hobgoblins
  3 jackals (D:4)
  4 quokkas
  3 frilled lizards
  5 kobolds
  7 rats
151 creatures vanquished.

Table legend: (Time is in decaauts)
 A = Elapsed time spent in this place.
 B = Non-inter-level travel time spent in this place.
 C = Inter-level travel time spent in this place.
 D = Time resting spent in this place.
 E = Time spent auto-exploring this place.
 F = Levels seen in this place.
 G = Mean time per level.
                   A        B        C        D        E       F      G
               +--------+--------+--------+--------+--------+-----+--------+
         Total |   7529 |   7110 |    419 |    372 |   5259 |   9 |  836.6 |
       Dungeon |   7310 |   6915 |    395 |    372 |   5072 |   8 |  913.8 |
        Temple |    218 |    194 |     24 |      0 |    187 |   1 |  218.0 |
               +--------+--------+--------+--------+--------+-----+--------+

Top non-repeatable levels by time:
     D:7: 1707 daAuts
     D:2: 1068 daAuts
     D:6: 997 daAuts
     D:5: 977 daAuts
     D:1: 917 daAuts
     D:3: 849 daAuts
     D:4: 633 daAuts
  Temple: 218 daAuts
     D:8: 159 daAuts

Table legend:
 A = Non-vault XP
 B = Vault XP
 C = Vault XP percentage of total XP
 D = Non-vault monster count
 E = Vault monster count
 F = Vault count percentage of total count
                 A         B        C        D         E       F
            +---------+---------+-------+---------+---------+-------
      Total |    3231 |    2256 |  41.1 |     137 |      14 |   9.3
            +---------+---------+-------+---------+---------+-------
        D:1 |      38 |       0 |   0.0 |      14 |       0 |   0.0
        D:2 |     111 |       0 |   0.0 |      26 |       0 |   0.0
        D:3 |     339 |       0 |   0.0 |      28 |       0 |   0.0
        D:4 |     266 |     214 |  44.6 |      12 |       2 |  14.3
        D:5 |    1046 |     296 |  22.1 |      21 |       1 |   4.5
        D:6 |     861 |      86 |   9.1 |      20 |       5 |  20.0
        D:7 |     570 |    1660 |  74.4 |      16 |       6 |  27.3
            +---------+---------+-------+---------+---------+-------
